[Event "ICC tourney 1970 (45 10)"]
[Site "Internet Chess Club"]
[Date "2020.08.23"]
[Round "8"]
[White "Anichess2009"]
[Black "JKnapp"]
[Result "1-0"]
[ICCResult "Black resigns"]
[WhiteElo "483"]
[BlackElo "755"]
[Opening "Scandinavian (center counter) defense"]
[ECO "B01"]
[NIC "SD.02"]
[Time "18:32:17"]
[TimeControl "2700+10"]

1. e4 d5 2. exd5 Qxd5 3. Nc3 Qd8 4. Nf3 Nf6 5. Bc4 Bf5 6. d3 e6 7. Bf4 Bd6
8. Be3 Nbd7 9. O-O O-O 10. h3 Ne5 11. Nxe5 Bxe5 12. f4 Bd4 13. Bxd4 Qxd4+
14. Kh1 Nh5 15. Qxh5 Rad8 16. Qf3 Rfe8 17. Qf2 Qd6 18. Nb5 Qe7 19. Nxa7 c6
20. g4 Bg6 21. Qf3 Ra8 22. Nxc6 bxc6 23. f5 exf5 24. gxf5 Bxf5 25. Qxf5 Kh8
26. Qxf7 Qe3 27. Rae1 Qxh3+ 28. Kg1 Qg3+ 29. Kh1 Qh3+ 30. Kg1 Qg3+ 31. Kh1
Qh3+ 32. Kg1 Qg3+ 33. Kh1 Qh3+ 34. Kg1 Qg3+ 35. Kh1 h6 36. Rxe8+ Rxe8 37.
Qxe8+ Kh7 38. Qe4+ g6 39. Rf7+ {Black resigns} 1-0

[Event "ICC tourney 1970 (45 10)"]
[Site "Internet Chess Club"]
[Date "2020.08.23"]
[Round "8"]
[White "cappyal"]
[Black "gbuckley"]
[Result "0-1"]
[ICCResult "White resigns"]
[WhiteElo "454"]
[BlackElo "1070"]
[Opening "Sicilian: closed, 2...Nc6"]
[ECO "B23"]
[NIC "SI.44"]
[Time "18:32:38"]
[TimeControl "2700+10"]

1. e4 c5 2. Nc3 Nc6 3. Nf3 d6 4. h3 Nf6 5. Bc4 a6 6. d3 b5 7. Bd5 Nxd5 8.
Nxd5 e6 9. Nc3 b4 10. Ne2 Be7 11. a3 a5 12. axb4 cxb4 13. Nfd4 Nxd4 14. Nxd4
Qb6 15. Be3 Qd8 16. Nc6 Qc7 17. Nxe7 Qxe7 18. b3 Bb7 19. Bb6 Ra6 20. Bxa5 d5
21. O-O Qc5 22. d4 Qb5 23. c4 dxc4 24. bxc4 Qxc4 25. Qa4+ Kf8 26. Qd7 Qc8
27. Qxc8+ Bxc8 28. Bxb4+ Ke8 29. Rac1 Bd7 30. Rc4 Ra8 31. d5 Bb5 32. Rc5
Bxf1 33. Kxf1 Kd7 34. Rc1 exd5 35. exd5 Rhc8 36. Rxc8 Rxc8 37. Ke2 Rc4 38.
Bf8 Rd4 39. Bxg7 Rxd5 40. Ke3 Rg5 41. Bh6 Rxg2 42. f3 Rh2 43. Kf4 Rxh3 44.
Kg4 Rxh6 45. Kg5 Rg6+ 46. Kf5 h5 {White resigns} 0-1

[Event "ICC tourney 1970 (45 10)"]
[Site "Internet Chess Club"]
[Date "2020.08.23"]
[Round "8"]
[White "Tuguldur"]
[Black "ishban"]
[Result "0-1"]
[ICCResult "White checkmated"]
[WhiteElo "802"]
[BlackElo "1086"]
[Opening "Scotch gambit: Benima defense"]
[ECO "C44"]
[NIC "SO.06"]
[Time "18:32:35"]
[TimeControl "2700+10"]

1. e4 e5 2. Nf3 Nc6 3. d4 exd4 4. Bc4 Be7 5. Nxd4 Nf6 6. Nxc6 bxc6 7. Nc3
Bb7 8. Bg5 O-O 9. e5 Ne8 10. Bxe7 Qxe7 11. Qd4 c5 12. Qf4 Bxg2 13. Rg1 Bc6
14. Qg3 d6 15. Nd5 Qxe5+ 16. Qxe5 dxe5 17. Ne7+ Kh8 18. Nxc6 Nd6 19. Bd5
Rae8 20. O-O-O a6 21. Rg2 Nc8 22. Rdg1 g6 23. Rg3 Nb6 24. Bb3 c4 25. Re1
cxb3 26. Rxb3 f6 27. Rbe3 Re6 28. Nd4 Rd6 29. Nb3 Nd5 30. Re4 Nf4 31. Rc4
Rc8 32. Nd2 Rcd8 33. Ne4 Ne2+ 34. Kb1 Rd1+ 35. Rxd1 Rxd1# {White checkmated}
0-1

[Event "ICC tourney 1970 (45 10)"]
[Site "Internet Chess Club"]
[Date "2020.08.23"]
[Round "8"]
[White "funstyle"]
[Black "hustlficc"]
[Result "1-0"]
[ICCResult "Black resigns"]
[WhiteElo "1051"]
[BlackElo "657"]
[Opening "Giuoco Pianissimo: Italian four knights variation"]
[ECO "C28"]
[NIC "VG.02"]
[Time "18:32:16"]
[TimeControl "2700+10"]

1. e4 e5 2. Bc4 Nf6 3. Nc3 Nc6 4. d3 Bc5 5. Nf3 O-O 6. O-O d6 7. h3 h6 8.
Be3 Bxe3 9. fxe3 Re8 10. Nd5 Bd7 11. Nh4 Nxd5 12. exd5 Ne7 13. Nf3 Nf5 14.
Qe1 c6 15. dxc6 bxc6 16. e4 Ne7 17. Nd2 Rf8 18. Qf2 Be6 19. Qg3 Qa5 20. Bxe6
fxe6 21. Nf3 Qb6+ 22. Kh1 Qxb2 23. Qg4 Rf6 24. Rfc1 Qb6 25. Rab1 Qf2 26. Ng1
Rg6 27. Qf3 Qxf3 28. Nxf3 d5 29. Nxe5 Rg5 30. Nf3 Rg6 31. exd5 cxd5 32. Rb7
Kf8 33. Ne5 Rf6 34. Nd7+ Kf7 35. Nxf6 Kxf6 36. Rf1+ Ke5 37. Rxe7 Kd6 38.
Rxg7 Rc8 39. Rf2 Rc3 40. Rxa7 {Black resigns} 1-0

[Event "ICC tourney 1970 (45 10)"]
[Site "Internet Chess Club"]
[Date "2020.08.23"]
[Round "8"]
[White "Trex226"]
[Black "neelansh2489"]
[Result "0-1"]
[ICCResult "White checkmated"]
[WhiteElo "852"]
[BlackElo "1136"]
[Opening "QGD Slav: exchange variation, 6.Bf4 Bf5"]
[ECO "D14"]
[NIC "SL.01"]
[Time "18:32:43"]
[TimeControl "2700+10"]

1. d4 d5 2. c4 c6 3. cxd5 cxd5 4. Nc3 Nc6 5. Nf3 Nf6 6. Bf4 Bf5 7. e3 a6 8.
Bd3 Bg6 9. O-O e6 10. a3 Bd6 11. Bg3 O-O 12. Re1 Re8 13. e4 dxe4 14. Nxe4
Nxe4 15. Bxe4 Bxe4 16. Rxe4 Bxg3 17. fxg3 Qb6 18. Qd2 e5 19. Rd1 Rad8 20.
Qc3 exd4 21. Rxe8+ Rxe8 22. Nxd4 Rd8 23. Qe3 Nxd4 24. h3 Qe6 25. Qc3 Ne2+
26. Kh2 Rxd1 27. Qc7 h6 28. Qb8+ Kh7 29. Qc7 Qd6 30. Qc2+ Qd3 31. Qxd3+ Rxd3
32. Kh1 Nxg3+ 33. Kh2 Nf1+ 34. Kg1 Nd2 35. Kf2 Nc4 36. Ke2 Rd8 37. b3 Nxa3
38. Kf2 Re8 39. Kg3 b5 40. Kh2 Nc2 41. g4 a5 42. Kg3 Re3+ 43. Kh4 g5+ 44.
Kh5 Rxh3# {White checkmated} 0-1

[Event "ICC tourney 1970 (45 10)"]
[Site "Internet Chess Club"]
[Date "2020.08.23"]
[Round "8"]
[White "bsarvagnya"]
[Black "arjunbupeshnath"]
[Result "1-0"]
[ICCResult "Black resigns"]
[WhiteElo "1121"]
[BlackElo "907"]
[Opening "Giuoco Pianissimo: Italian four knights variation"]
[ECO "C55"]
[NIC "IG.01"]
[Time "18:32:19"]
[TimeControl "2700+10"]

1. e4 e5 2. Nf3 Nc6 3. Bc4 Nf6 4. Nc3 Bc5 5. d3 h6 6. Be3 Bb6 7. d4 exd4 8.
Nxd4 O-O 9. Qd2 Re8 10. f3 d6 11. O-O Bd7 12. Rae1 Ne5 13. Bb3 c5 14. Nf5
Bxf5 15. exf5 c4 16. Ba4 Nc6 17. b3 Ba5 18. bxc4 d5 19. cxd5 Nxd5 20. Qxd5
Qxd5 21. Nxd5 Bxe1 22. Nc7 Rxe3 23. Nxa8 Ba5 24. Rb1 Re8 25. Rxb7 Rc8 26.
Kf1 Nd8 27. Rxa7 {Black resigns} 1-0

[Event "ICC tourney 1970 (45 10)"]
[Site "Internet Chess Club"]
[Date "2020.08.23"]
[Round "8"]
[White "DiamondUnicorn"]
[Black "RohithRV199"]
[Result "0-1"]
[ICCResult "White checkmated"]
[WhiteElo "490"]
[BlackElo "875"]
[Opening "Giuoco Piano"]
[ECO "C50"]
[NIC "IG.02"]
[Time "18:32:39"]
[TimeControl "2700+10"]

1. e4 e5 2. Nf3 Nc6 3. Bc4 Bc5 4. O-O Nf6 5. d3 h6 6. h3 O-O 7. Be3 Bb6 8.
Nc3 d6 9. Bb3 Be6 10. Nd5 Re8 11. a3 Na5 12. Ba2 c5 13. Nc3 Bxa2 14. Nxa2
Nc6 15. Nc3 d5 16. exd5 Nxd5 17. Nxd5 Qxd5 18. c4 Qd6 19. Qc2 Bc7 20. g3 Nd4
21. Nxd4 exd4 22. Bf4 Qd7 23. Bxc7 Qxc7 24. Qd2 Qe7 25. Rfe1 Qd7 26. Kh2 Re7
27. Rxe7 Qxe7 28. Re1 Qd7 29. Qa5 Qf5 30. Qd2 Rd8 31. Re4 Rd6 32. Qf4 Qxf4
33. Rxf4 Rb6 34. Rf5 Rxb2 35. Rxc5 Rxf2+ 36. Kg1 Rd2 37. Rc7 Rxd3 38. Rxb7
Rxg3+ 39. Kh2 Rxa3 40. Rd7 d3 41. Kg1 a5 42. Kf2 a4 43. Ke3 Rb3 44. Rxd3
Rxd3+ 45. Kxd3 Kf8 46. Kc3 Ke7 47. Kb4 Kd6 48. Kxa4 Kc5 49. Kb3 g5 50. Kc3
f5 51. Kd3 f4 52. Ke4 Kxc4 53. Kf3 Kd3 54. Kf2 Kd2 55. Kf3 Ke1 56. h4 Kf1
57. hxg5 hxg5 58. Kg4 Kg2 59. Kxg5 f3 60. Kf4 f2 61. Ke3 f1=Q 62. Kd4 Qf5
63. Kc4 Qe5 64. Kb4 Qd5 65. Ka4 Qc5 66. Kb3 Qd4 67. Ka3 Qc4 68. Kb2 Qd3 69.
Ka2 Qc3 70. Kb1 Qd2 71. Ka1 Kf3 72. Kb1 Ke4 73. Ka1 Kd5 74. Kb1 Kc6 75. Ka1
Kb7 76. Kb1 Ka8 77. Ka1 Ka7 78. Kb1 Ka6 79. Ka1 Ka5 80. Kb1 Ka4 81. Ka1 Ka3
82. Kb1 Qh2 83. Kc1 Qe2 84. Kb1 Qd2 85. Ka1 Qa2# {White checkmated} 0-1

[Event "ICC tourney 1970 (45 10)"]
[Site "Internet Chess Club"]
[Date "2020.08.23"]
[Round "8"]
[White "tundrarules"]
[Black "mimzhang"]
[Result "1-0"]
[ICCResult "Black checkmated"]
[WhiteElo "1051"]
[BlackElo "957"]
[Opening "Ruy Lopez: four knights (Tarrasch) variation"]
[ECO "C77"]
[NIC "RL.12"]
[Time "18:32:30"]
[TimeControl "2700+10"]

1. e4 e5 2. Nf3 Nc6 3. Bb5 a6 4. Ba4 Nf6 5. Nc3 Be7 6. d3 b5 7. Bb3 d6 8. h3
h6 9. Be3 b4 10. Nd5 Nxd5 11. Bxd5 Bb7 12. c3 bxc3 13. bxc3 Rb8 14. Qa4 Qd7
15. Rb1 O-O 16. O-O Rfe8 17. Rxb7 Rxb7 18. Bxc6 Qc8 19. Bxb7 Qd8 20. Bc6 Rf8
21. Qxa6 g5 22. Qb7 h5 23. a4 g4 24. hxg4 hxg4 25. Nh2 Kg7 26. a5 Rh8 27. a6
Bf8 28. g3 Be7 29. a7 Bh4 30. a8=Q Qf6 31. Qxh8+ Kxh8 32. gxh4 Qxh4 33. Qc8+
Kh7 34. Qxg4 Qf6 35. Qh5+ Kg8 36. Ng4 Qg7 37. Bh6 Qh7 38. Nf6+ Kh8 39. Nxh7
Kxh7 40. Bf8+ Kg8 41. Qh6 f5 42. Qg7# {Black checkmated} 1-0

[Event "ICC tourney 1970 (45 10)"]
[Site "Internet Chess Club"]
[Date "2020.08.23"]
[Round "8"]
[White "ab4gm"]
[Black "luckylol3"]
[Result "1/2-1/2"]
[ICCResult "Black stalemated"]
[WhiteElo "1017"]
[BlackElo "957"]
[Opening "Two knights defense"]
[ECO "C59"]
[NIC "KP.01"]
[Time "18:32:16"]
[TimeControl "2700+10"]

1. e4 e5 2. Nf3 Nc6 3. Bc4 Nf6 4. Ng5 d5 5. exd5 Na5 6. Bb5+ c6 7. dxc6 bxc6
8. Be2 h6 9. Nf3 e4 10. Ng1 Be7 11. d3 exd3 12. Qxd3 Qxd3 13. Bxd3 O-O 14.
Nf3 Re8 15. O-O Be6 16. Ne5 Bd6 17. Nf3 Rad8 18. Bd2 Nb7 19. Ba6 Nc5 20. Be2
Bc8 21. Bc4 Be6 22. Bxe6 Nxe6 23. Nc3 Rd7 24. Be3 Ng4 25. Rfd1 Red8 26. h3
Nxe3 27. fxe3 Bc5 28. Kf2 Nf4 29. Rxd7 Rxd7 30. Ne4 Bb6 31. Ne5 Re7 32. Kf3
Rxe5 33. exf4 Re7 34. Re1 Kh8 35. Re2 Bd4 36. c3 Bb6 37. Nd6 Rd7 38. Nc4 Bg1
39. Ne5 Rc7 40. Rd2 f6 41. Nc4 Re7 42. Rd6 Rc7 43. Na5 Re7 44. Nc4 Rc7 45.
Ne3 Re7 46. Nf1 Rc7 47. Re6 Kh7 48. g3 f5 49. Ne3 Bxe3 50. Kxe3 g5 51. Rf6
Re7+ 52. Kf3 gxf4 53. Kxf4 Re2 54. Rxf5 Rxb2 55. Rf7+ Kg6 56. Rxa7 Rf2+ 57.
Ke3 Rh2 58. h4 Rg2 59. Kf3 Rc2 60. Ra8 Rxc3+ 61. Kg2 Rc2+ 62. Kh3 c5 63. a4
c4 64. a5 Rc1 65. a6 c3 66. a7 c2 67. Rc8 Ra1 68. Rxc2 Rxa7 69. Rc6+ Kh7 70.
Kg4 Rg7+ 71. Kh3 Ra7 72. h5 Ra4 73. g4 Ra3+ 74. Kh4 Ra1 75. Rc3 Ra4 76. Rf3
Rb4 77. Rf7+ Kg8 78. Rf6 Kg7 79. Rg6+ Kh7 80. Kg3 Rb3+ 81. Kf4 Rb4+ 82. Ke5
Rb5+ 83. Kf6 Rb6+ 84. Kf7 Rb7+ 85. Ke8 Rb8+ 86. Kd7 Rb1 87. Rd6 Rb7+ 88. Kc8
Rg7 89. Rd7 Rxd7 90. Kxd7 Kg7 91. Ke7 Kg8 92. Kf6 Kh7 93. g5 hxg5 94. Kxg5
Kg7 95. h6+ Kh7 96. Kh5 Kg8 97. Kg6 Kh8 98. Kg5 Kh7 99. Kh5 Kg8 100. Kg6 Kh8
101. Kf6 Kh7 102. Kg5 Kg8 103. Kg6 Kh8 104. h7 {Black stalemated} 1/2-1/2

[Event "ICC tourney 1970 (45 10)"]
[Site "Internet Chess Club"]
[Date "2020.08.23"]
[Round "8"]
[White "neptune46"]
[Black "lienegu"]
[Result "0-1"]
[ICCResult "White checkmated"]
[WhiteElo "802"]
[BlackElo "798"]
[Opening "Giuoco Piano: four knights variation"]
[ECO "C50"]
[NIC "IG.02"]
[Time "18:32:20"]
[TimeControl "2700+10"]

1. e4 e5 2. Nf3 Nc6 3. Bc4 Bc5 4. Nc3 Nf6 5. O-O O-O 6. Re1 Re8 7. d3 h5 8.
Bg5 Be7 9. h3 d6 10. a3 Be6 11. Ba2 Bxa2 12. Rxa2 Nd4 13. Ra1 Nxf3+ 14. Qxf3
c6 15. Qg3 d5 16. exd5 cxd5 17. Rxe5 Bd6 18. Rxe8+ Nxe8 19. Qe3 f6 20. Bf4
Bxf4 21. Qxf4 d4 22. Ne2 Qd6 23. Qd2 Rc8 24. c3 dxc3 25. bxc3 Nc7 26. Nf4 h4
27. Nh5 Nd5 28. Qe2 Nxc3 29. Qe1 Qxd3 30. Qe6+ Kh7 31. Qxc8 Ne2+ 32. Kh1 Qd4
33. Qc2+ g6 34. Nxf6+ Qxf6 35. Qc7+ Kh6 36. Re1 Qxf2 37. Rxe2 Qxe2 38. Qf4+
Kg7 39. Qd4+ Kh6 40. Qh8+ Kg5 41. Qd8+ Kh5 42. g4+ hxg3 43. Qh8+ Kg5 44.
Qd8+ Kf4 45. Qd6+ Qe5 46. Qxe5+ Kxe5 47. Kg2 Kf4 48. a4 a5 49. h4 Kg4 50.
Kg1 Kf3 51. Kf1 g2+ 52. Kg1 b6 53. h5 gxh5 54. Kh2 Kf2 55. Kh3 g1=Q 56. Kh4
Qg4# {White checkmated} 0-1

[Event "ICC tourney 1970 (45 10)"]
[Site "Internet Chess Club"]
[Date "2020.08.23"]
[Round "8"]
[White "miyzhang"]
[Black "AJRChess2011"]
[Result "0-1"]
[ICCResult "White checkmated"]
[WhiteElo "1229"]
[BlackElo "1194"]
[Opening "Sicilian: accelerated fianchetto, modern variation with Bc4"]
[ECO "B35"]
[NIC "SI.33"]
[Time "18:32:29"]
[TimeControl "2700+10"]

1. e4 c5 2. Nf3 Nc6 3. d4 cxd4 4. Nxd4 g6 5. Nc3 Bg7 6. Be3 Nf6 7. Bc4 O-O
8. f3 Qb6 9. Bb3 Nxe4 10. fxe4 Bxd4 11. Bxd4 Nxd4 12. Nd5 Qc5 13. Nxe7+ Kg7
14. Nxc8 Raxc8 15. c3 Nxb3 16. axb3 Rfe8 17. Qd3 d5 18. Ra4 dxe4 19. Rxe4
Qf5 20. Qd4+ Kg8 21. Rxe8+ Rxe8+ 22. Kd2 Qg5+ 23. Kd3 Rd8 24. Qxd8+ Qxd8+
25. Kc2 Qd5 26. Rg1 Qe4+ 27. Kd2 Qf4+ 28. Kc2 Qf2+ 29. Kd3 Qxg1 30. Kd2
Qxg2+ 31. Kd3 Qxh2 32. Ke3 Qxb2 33. Kd4 Qxb3 34. c4 f5 35. c5 f4 36. Ke4 f3
37. Ke5 f2 38. Kd6 f1=Q 39. c6 Qf6+ 40. Kd7 Qbe6+ 41. Kc7 Qxc6+ 42. Kb8 Qd8+
43. Kxa7 Qa4+ 44. Kxb7 Qdd7+ 45. Kb6 Qac6+ 46. Ka5 Qb5# {White checkmated}
0-1

[Event "ICC tourney 1970 (45 10)"]
[Site "Internet Chess Club"]
[Date "2020.08.23"]
[Round "8"]
[White "akhilv"]
[Black "RoPac"]
[Result "1-0"]
[ICCResult "Black checkmated"]
[WhiteElo "949"]
[BlackElo "679"]
[Opening "Ruy Lopez: Caro variation"]
[ECO "C70"]
[NIC "RL.09"]
[Time "18:32:22"]
[TimeControl "2700+10"]

1. e4 e5 2. Nf3 Nc6 3. Bb5 a6 4. Ba4 b5 5. Bb3 Nf6 6. d3 Bc5 7. O-O O-O 8.
Bd5 Re8 9. Bxc6 dxc6 10. h3 Bd4 11. c3 Bc5 12. Bg5 h6 13. Bxf6 Qxf6 14. d4
exd4 15. cxd4 Bb6 16. e5 Qe6 17. Re1 Rd8 18. Nc3 Qd7 19. Ne2 Bb7 20. Qb3 Qd5
21. Qxd5 cxd5 22. a4 Bc8 23. a5 Ba7 24. Rec1 Rd7 25. Nf4 Bb7 26. e6 fxe6 27.
Nxe6 c6 28. Ne5 Re7 29. Nf4 Rc8 30. Rd1 Bb8 31. Re1 Bxe5 32. dxe5 Rce8 33.
Nd3 Bc8 34. Rac1 Bd7 35. Nc5 Bc8 36. Nd3 Bb7 37. b4 Kh7 38. Kh2 Kg6 39. Nf4+
Kf5 40. Nd3 h5 41. Nc5 Bc8 42. Nd3 Bb7 43. h4 g6 44. f3 Bc8 45. Rxc6 Bb7 46.
Rf6# {Black checkmated} 1-0

[Event "ICC tourney 1970 (45 10)"]
[Site "Internet Chess Club"]
[Date "2020.08.23"]
[Round "8"]
[White "RockyWang"]
[Black "MathMonkey"]
[Result "1-0"]
[ICCResult "Black checkmated"]
[WhiteElo "534"]
[BlackElo "883"]
[Opening "Ruy Lopez: Anderssen variation"]
[ECO "C77"]
[NIC "RL.12"]
[Time "18:32:17"]
[TimeControl "2700+10"]

1. e4 e5 2. Nf3 Nc6 3. Bb5 a6 4. Ba4 Nf6 5. d3 b5 6. Bb3 Bc5 7. Bg5 h6 8.
Bh4 g5 9. Bg3 d6 10. h3 Bd7 11. Nc3 Qe7 12. Qd2 O-O-O 13. O-O-O Nd4 14. Nxd4
Bxd4 15. Nd5 Nxd5 16. exd5 Bb6 17. Rhe1 a5 18. a3 a4 19. Ba2 f5 20. f3 f4
21. Bf2 Bxf2 22. Qxf2 Kb7 23. d4 Rhe8 24. dxe5 dxe5 25. Rd2 Ra8 26. Rde2 Qd6
27. g4 Re7 28. Re4 Rae8 29. Qd2 Rd8 30. Qb4 Qxb4 31. axb4 Rde8 32. Kd2 h5
33. Kd3 hxg4 34. hxg4 Kc8 35. c4 Kb7 36. c5 c6 37. d6 Rh7 38. Rxe5 Rxe5 39.
Rxe5 Rh3 40. Rxg5 Rxf3+ 41. Ke2 Rg3 42. Kf2 Bxg4 43. Rg7+ Kc8 44. Rxg4 Rh3
45. Be6+ Kb7 46. Rg7+ Ka6 47. Bc8# {Black checkmated} 1-0